 Dungeon Crawl Stone Soup version 0.28.0 (webtiles) character file.

Game seed: 13680908927699013403

84 fragbeetle the Slasher (level 4, -3/35 HPs)
             Began as a Demonspawn Cinder Acolyte on Feb 15, 2022.
             Was a High Priest of Ignis.
             Slain by a bullfrog (4 damage)
             ... in a sewer.
             The game lasted 00:06:45 (2663 turns).

fragbeetle the Slasher (Demonspawn Cinder Acolyte)  Turns: 2663, Time: 00:06:46

Health: -3/35      AC:  3    Str: 16    XL:     4   Next: 24%
Magic:  2/5        EV: 11    Int: 16    God:    Ignis [*****.]
Gold:   72         SH:  4    Dex:  8    Spells: 3/5 levels left

rFire   + . .      SeeInvis .   a - -1 falchion (flame)
rCold   . . .      Faith    .   (no shield)
rNeg    . . .      Spirit   .   d - +0 leather armour
rPois   .          Reflect  .   (no helmet)
rElec   .          Harm     .   (no cloak)
rCorr   .          Rampage  .   (no gloves)
Will    .....                   (no boots)
Stlth   +.........              (no amulet)
HPRegen 0.11/turn               (no ring)
MPRegen 0.18/turn               (no ring)

@: mighty, very slightly contaminated, invisible
A: large bone plates 1, demonic guardian 1, magic regeneration
a: Renounce Religion, Fiery Armour, Foxfire Swarm, Rising Flame


You were in a sewer.
You worshipped Ignis.
Ignis was extremely pleased with you.
You visited 1 branch of the dungeon, and saw 3 of its levels.
You also visited: Sewer.

You collected 72 gold pieces.

Inventory:

Hand Weapons
 a - a -1 falchion of flaming (weapon)
Missiles
 g - 3 poisoned darts (quivered)
Armour
 d - a +0 leather armour (worn)
 i - a +0 ring mail
Scrolls
 f - a scroll of teleportation {unknown}
 h - a scroll of immolation {unknown}
Potions
 c - a potion of might
 e - a potion of invisibility


   Skills:
 - Level 3.1 Fighting
 * Level 3.7 Long Blades
 - Level 1.2 Spellcasting
 * Level 3.6 Fire Magic


You had 3 spell levels left.
You knew the following spells:

 Your Spells              Type           Power      Damage    Failure   Level
a - Scorch                Fire           24%        2d6       10%         2

Your spell library contained the following spells:

 Spells                   Type           Power      Damage    Failure   Level


Dungeon Overview and Level Annotations

Branches:
Dungeon (3/15)              Sewer (1/1)

Altars:


Innate Abilities, Weirdness & Mutations

You are partially covered in large bone plates. (SH +4)
A weak demonic guardian rushes to your aid.
You regenerate magic rapidly.


Message History

You kill the quokka!
You hear a croak.
A bullfrog comes into view. x2
The bullfrog croaks.
The bullfrog hits you! The bullfrog closely misses you. The bullfrog hits you.
You block the bullfrog's attack. The bullfrog closely misses you.
The bullfrog misses you. The bullfrog closely misses you.
The bullfrog hits you. The bullfrog barely misses you.
The bullfrog barely misses you. The bullfrog hits you.
The bullfrog barely misses you. You block the bullfrog's attack.
The bullfrog hits you but does no damage.
You aren't carrying any items that you can evoke.
Okay, then.
The bullfrog hits you but does no damage.
The bullfrog barely misses you.
Casting: Scorch (safe; 10% risk of failure)
Confirm with . or Enter, or press ? or * to list all spells.
You miscast Scorch.
You are very lightly contaminated with residual magic.
Nothing appears to happen.
The bullfrog hits you. x3
Unknown command.
It was a potion of might.
You feel very mighty all of a sudden. The bullfrog hits you.
* * * LOW HITPOINT WARNING * * *
A demonic guardian appears!
The bullfrog closely misses you. The bullfrog hits you.
* * * LOW HITPOINT WARNING * * *
It was a potion of invisibility.
You fade into invisibility!
The bullfrog hits you.
* * * LOW HITPOINT WARNING * * *
The bullfrog hits you.
* * * LOW HITPOINT WARNING * * *
The bullfrog completely misses you. The bullfrog barely misses you.
You closely miss the bullfrog. The bullfrog hits you.
You die...

#∩# #.≈≈≈.≈≈≈≈≈.. # #.#
#.≈≈≈.≈≈≈≈≈≈≈ # #.#
#.≈≈≈.≈≈≈≈≈≈≈ #
##†###.≈≈≈.≈≈≈≈≈≈≈ #
#.≈.##.≈≈≈.#≈≈≈≈≈≈ #
#≈≈.##.≈≈≈.#≈≈≈≈≈≈ #
#...##.≈≈≈.###≈≈≈≈ #
#.≈≈##.≈≈FF# #### #
#≈≈.##.≈≈5@# # #≈≈†##≈≈≈≈≈#
#
##≈≈≈##.≈≈≈≈################
#..≈≈≈≈.≈≈≈≈≈≈...≈≈≈≈.≈≈....
#.≈≈≈≈≈≈≈≈≈≈≈≈≈≈≈≈≈≈≈≈≈≈≈≈≈≈
#.≈≈≈≈≈≈≈≈≈≈≈≈≈≈≈≈≈≈≈≈≈≈≈≈≈≈
#.≈≈≈≈≈≈≈≈≈≈≈≈≈≈≈≈≈≈≈≈≈≈≈≈≈≈
#..≈..≈.≈.≈≈......≈≈≈†.≈≈...
###≈########################


You could see 2 bullfrogs and a friendly shadow imp (summoned).

Vanquished Creatures
  A river rat (D:3)
  A worm (D:1)
  2 dart slugs (D:1)
  7 bats
  4 endoplasms (D:1)
  6 giant cockroaches
  5 goblins (D:1)
  A hobgoblin (D:3)
  2 jackals (D:1)
  7 quokkas (Sewer)
  9 ball pythons
  12 frilled lizards
  2 kobolds (D:1)
  3 rats (D:1)
62 creatures vanquished.

Vanquished Creatures (collateral kills)
  2 bats (D:3)
  2 frilled lizards (Sewer)
4 creatures vanquished.

Grand Total: 66 creatures vanquished

Notes
Turn   | Place    | Note
-------+----------+-------------------------------------------
     0 | D:1      | fragbeetle the Demonspawn Cinder Acolyte began the quest
                  | for the Orb.
     0 | D:1      | Reached XP level 1. HP: 18/18 MP: 2/2
   196 | D:1      | Gained mutation: You regenerate magic rapidly. [demonic
                  | ancestry]
   196 | D:1      | Reached XP level 2. HP: 23/24 MP: 3/3
   199 | D:1      | Learned a level 2 spell: Scorch
  1311 | D:1      | Gained mutation: A weak demonic guardian rushes to your
                  | aid. [demonic ancestry]
  1311 | D:1      | Reached XP level 3. HP: 29/29 MP: 1/4
  1967 | D:2      | You fall into a shaft and drop 1 floor!
  2009 | D:3      | Found a glowing drain.
  2024 | Sewer    | Entered a sewer
  2145 | Sewer    | Gained mutation: You are partially covered in large bone
                  | plates. (SH +4) [demonic ancestry]
  2145 | Sewer    | Reached XP level 4. HP: 14/35 MP: 5/5
  2647 | Sewer    | Noticed a bullfrog
  2647 | Sewer    | Noticed a bullfrog
  2661 | Sewer    | HP: 1/35 [bullfrog (1)]
  2663 | Sewer    | Slain by a bullfrog

Illustrated notes

Levels and vault maps discovered:
D:1:      roderic_octagonal_star, layout_loops_ring, nicolae_wormholes
D:2:      layout_loops_ring, shapermc_ecumenical_altar_mp_ritualfount
D:3:      layout_rooms, cheibrodos_sewer_entry_sluice,
          kennysheep_generic_room_6, uniq_natasha, uniq_jessica, uniq_sigmund,
          uniq_terence
Sewer:    sewer_frog_island_01

Skill      XL: |  1  2 |
---------------+-------+-----
Long Blades    | 3 |  3.7
Fire Magic     | 3 |  3.6
Fighting       | |  3.1
Spellcasting   | |  1.2

Action                   |  1- 3 |  4- 6 || total
-------------------------+-------+-------++-------
Melee: Falchion          |   128 |    31 ||   159
       Punch             |     1 |       ||     1
 Cast: Scorch            |    15 |     5 ||    20
  Use: Potion            |       |     2 ||     2
Armor: Robe              |    12 |       ||    12
       Leather armour    |    19 |     7 ||    26
Dodge: Dodged            |    90 |    30 ||   120
Block: Other             |       |     5 ||     5
